 Seeded DCSS version 0.29-a0-369-gd956c00756 (webtiles) character file.

Game seed: 20220501 (custom seed)

9 happo123 the Grave Robber (level 2, -1/20 HPs)
             Began as a Ghoul Necromancer on May 1, 2022.
             Was a Follower of Vehumet.
             Slain by a quokka (5 damage)
             ... on level 1 of the Dungeon.
             The game lasted 00:10:21 (1101 turns).

happo123 the Grave Robber (Ghoul Necromancer)       Turns: 1101, Time: 00:10:22

Health: -1/20      AC:  0    Str: 11    XL:     2   Next: 16%
Magic:  1/3        EV: 12    Int: 10    God:    Vehumet [*.....]
Gold:   29         SH:  0    Dex:  9    Spells: 2/4 levels left

rFire   . . .      SeeInvis .   f - +0 falchion
rCold   + . .      Faith    .   (no shield)
rNeg    + + +      Spirit   .   (no body armour)
rPois   ∞          Reflect  .   (no helmet)
rElec   .          Harm     .   (no cloak)
rCorr   .          Rampage  .   (no gloves)
Will    .....                   (no boots)
Stlth   ++........              (no amulet)
HPRegen 0.00/turn               (no ring)
MPRegen 0.08/turn               (no ring)

@: inhibited regen
A: claws 1, cold resistance 1, negative energy resistance 3, inhibited
regeneration, torment resistance 2, devour on kill
a: Renounce Religion


You were on level 1 of the Dungeon.
You worshipped Vehumet.
Vehumet was aware of your devotion.
You visited 1 branch of the dungeon, and saw 1 of its levels.

You collected 29 gold pieces.

Inventory:

Hand Weapons
 f - a +0 falchion (weapon)
 g - a +0 short sword
 i - a +0 hunting sling
Missiles
 h - 17 stones
Armour
 a - a +0 robe
 d - a +0 scale mail
Scrolls
 j - a scroll of fear {unknown}
 k - a scroll of summoning {unknown}
 m - a scroll of noise {unknown}
Potions
 b - a potion of magic
 c - 3 potions of curing {unknown}
 e - 2 potions of heal wounds {unknown}
 l - a potion of cancellation {unknown}


   Skills:
 + Level 1.8 Dodging
 + Level 2.3 Stealth
 + Level 0.2 Unarmed Combat
 + Level 1.7 Spellcasting
 + Level 4.3 Necromancy


You had 2 spell levels left.
You knew the following spells:

 Your Spells              Type           Power      Damage    Failure   Level
a - Pain                  Necr           36%        1d5       5%          1
b - Animate Skeleton      Necr           18%        N/A       5%          1

Your spell library contained the following spells:

 Spells                   Type           Power      Damage    Failure   Level
 Magic Dart               Conj           0%         1d3       32%         1
 Vampiric Draining        Necr           9%         2d6       16%         3
 Animate Dead             Necr           4%         N/A       47%         4
 Call Canine Familiar     Summ           0%         N/A       67%         3
 Portal Projectile        Hex/Tloc       0%         N/A       67%         3
 Agony                    Necr           9%         N/A       83%         5
 Leda's Liquefaction      Hex/Erth       0%         N/A       97%         4


Dungeon Overview and Level Annotations

Branches:
Dungeon (1/15)

Altars:
Vehumet


Innate Abilities, Weirdness & Mutations

You are immune to poison.
You have sharp fingernails.
Your flesh is cold resistant. (rC+)
You are immune to negative energy. (rN+++)
You do not regenerate when monsters are visible.
You are immune to unholy pain and torment.
You thrive by killing the living.


Message History

Aim: a quokka (chance to affect: 76%)
The quokka writhes in agony.
Casting: Pain (safe; 5% risk of failure)
Confirm with . or Enter, or press ? or * to list all spells.
Aiming: Pain (safe; 5% risk of failure)
Press: ? - help, Shift-Dir - straight line, f/p - quokka
Aim: a quokka (severely wounded, chance to affect: 76%)
The quokka barely resists.
The quokka bites you. x2
You hit the quokka.
The quokka is almost dead.
The quokka barely misses you.
You barely miss the quokka.
The quokka is almost dead.
The quokka misses you. The quokka barely misses you.
You closely miss the quokka.
The quokka is almost dead.
The quokka barely misses you.
You closely miss the quokka.
The quokka is severely wounded.
The quokka closely misses you. x2
You miss the quokka.
The quokka is heavily wounded.
The quokka barely misses you. x2
You barely miss the quokka.
The quokka is heavily wounded.
The quokka barely misses you.
You closely miss the quokka.
The quokka is heavily wounded.
The quokka bites you. The quokka misses you.
You hit the quokka but do no damage.
The quokka is heavily wounded.
The quokka barely misses you.
You barely miss the quokka. Your claw misses the quokka.
The quokka is heavily wounded.
The quokka bites you. x2
* * * LOW HITPOINT WARNING * * *
You barely miss the quokka.
The quokka is heavily wounded.
The quokka bites you.
You die...

#### #... #.♣. #.♣.
#.♣. #.♣.
################.♣.
#................♣.
#.#@########.#####♣.
#. ##r......#.#
#..♣. #
######.#.###.#♣.
#.#.##.....
###.#.##..###
#>....##.....
#.....##..###
#............
##............


You could see a quokka.

Vanquished Creatures
  A dart slug (D:1)
  A bat (D:1)
  2 ball pythons (D:1)
  A frilled lizard (D:1)
  2 kobolds (D:1)
  A rat (D:1)
8 creatures vanquished.

Notes
Turn   | Place    | Note
-------+----------+-------------------------------------------
     0 | D:1      | happo123 the Ghoul Necromancer began the quest for the Orb.
     0 | D:1      | Reached XP level 1. HP: 14/14 MP: 2/2
   334 | D:1      | Learned a level 1 spell: Animate Skeleton
   395 | D:1      | Found a faded altar of an unknown god.
   403 | D:1      | Prayed at the altar of an unknown god.
   403 | D:1      | Became a worshipper of Vehumet
   403 | D:1      | Reached * piety under Vehumet
   403 | D:1      | Offered knowledge of Magic Dart by Vehumet.
   686 | D:1      | Reached XP level 2. HP: 15/20 MP: 1/3
  1101 | D:1      | Slain by a quokka

Illustrated notes

Levels and vault maps discovered:
D:1:      tarquinn_simple_flora_water_b, layout_loops_ring,
          dreamdust_ecumenical_altar_statues, serial_forest,
          infiniplex_forest_straight_3, infiniplex_forest_corner_1,
          infiniplex_forest_lined_4_way, infiniplex_forest_clump_small,
          infiniplex_forest_straight_2, infiniplex_forest_clump_small,
          infiniplex_forest_clump_tiny

Action                   || total
-------------------------++-------
Melee: Falchion          ||    17
       Unarmed           ||     5
 Fire: Hunting sling     ||     2
 Cast: Pain              ||    15
       Animate Skeleton  ||     2
Dodge: Dodged            ||    25

Table legend: (Time is in decaauts)
 A = Elapsed time spent in this place.
 B = Non-inter-level travel time spent in this place.
 C = Inter-level travel time spent in this place.
 D = Time resting spent in this place.
 E = Time spent auto-exploring this place.
 F = Levels seen in this place.
 G = Mean time per level.
                   A        B        C        D        E       F      G
               +--------+--------+--------+--------+--------+-----+--------+
         Total |   1105 |    981 |    124 |    417 |    439 |   1 | 1105.0 |
       Dungeon |   1105 |    981 |    124 |    417 |    439 |   1 | 1105.0 |
               +--------+--------+--------+--------+--------+-----+--------+

Top non-repeatable levels by time:
     D:1: 1105 daAuts
